Map: King Sejong Station LE

Players

Didac

  • Race: Terran Terran
  • League: Silver

Gracz - Winner!

  • Race: Terran Terran
  • League: Silver

VOD

Have the link to the VOD?

Description

Time

  • Played on: Oct. 29, 2016, 9:56 a.m.
  • Length: 19:35
Show
View Real Time Build Order
Export as new Build Order

Didac Terran 

Build Orders:  

Get SALT Encoding   

  12  0:02  SCV  
  13  0:14  SCV  
  14  0:23  Refinery  
  14  0:26  SCV  
  15  0:35  Supply Depot  
  15  0:59  Barracks  
  15  1:00  SCV  
  16  1:12  SCV  
  17  1:24  SCV  
  18  1:34  Supply Depot  
  18  1:36  SCV  
  19  1:49  Factory  
  19  1:51  SCV  
  20  2:01  Refinery  
  20  2:03  SCV  
  21  2:10  Marine  
  21  2:15  SCV  
  23  2:27  SCV  
  23  2:28  Marine  
  25  2:35  Supply Depot  
  25  2:37  Factory Tech Lab  
  25  2:38  Supply Depot  
  25  2:39  SCV  
  26  2:44  Starport  
  26  2:51  SCV  
  27  3:04  SCV  
  28  3:06  Siege Tank  
  28  3:12  Marine  
  32  3:29  Marine, Orbital Command  
  32  3:31  Starport Tech Lab  
  33  3:38  Unknown, Command Center  
  33  3:53  Banshee  
  36  4:23  Siege Tank  
  39  4:36  Banshee  
  39  4:37  Cloaking Field  
  42  4:49  Unknown  
  42  5:09  Engineering Bay  
  42  5:30  Refinery  
  42  5:37  Siege Tank  
  45  5:45  Missile Turret  
  45  5:46  Orbital Command  
  45  5:55  Banshee  
  48  5:57  Refinery  
  48  6:06  SCV  
  48  6:09  Siege Tank  
  52  6:18  SCV  
  53  6:29  Missile Turret  
  53  6:30  SCV  
  54  6:37  Banshee  
  57  6:42  SCV  
  58  6:49  Missile Turret  
  58  6:50  SCV  
  59  6:55  SCV  
  60  7:02  SCV  
  60  7:07  SCV  
  62  7:10  Missile Turret  
  62  7:11  Supply Depot x2  
  62  7:13  Supply Depot  
  62  7:14  SCV  
  62  7:15  Supply Depot  
  62  7:19  SCV  
  60  7:26  SCV  
  58  7:30  Missile Turret  
  58  7:31  SCV  
  59  7:38  SCV  
  59  7:40  Siege Tank  
  63  7:51  Missile Turret  
  63  8:12  Siege Tank  
  63  8:44  Siege Tank  
  63  9:16  Siege Tank  
  63  9:48  Siege Tank  
  66  9:53  Factory  
  66  9:54  Factory  
  66  10:00  Factory  
  66  10:35  Missile Turret x2  
  66  10:37  Missile Turret  
  66  10:39  Missile Turret  
  66  10:40  Missile Turret  
  66  10:41  Missile Turret  
  66  10:55  Factory Tech Lab  
  66  10:56  Factory Tech Lab x2  
  66  11:00  Missile Turret x2  
  66  11:01  Missile Turret  
  66  11:04  Missile Turret  
  66  11:05  Missile Turret x2  
  66  11:11  Armory  
  66  11:13  Armory  
  66  11:18  Starport  
  66  11:21  Missile Turret  
  66  11:22  Siege Tank  
  66  11:23  Siege Tank x3  
  78  11:27  Missile Turret x2, Unknown, Command Center  
  78  11:33  Refinery  
  78  11:38  Refinery  
  78  11:55  Siege Tank  
  78  11:56  Starport  
  81  12:22  Terran Vehicle And Ship Armor Level 1, Terran Vehicle Weapons Level 1  
  81  12:31  Starport Reactor  
  81  12:35  Starport Reactor  
  80  12:38  Unknown  
  59  13:21  Viking x3  
  59  13:22  Viking x2  
  68  13:51  Viking x2  
  72  14:03  Siege Tank  
  75  14:28  Missile Turret  
  75  14:29  Missile Turret  
  28  16:28  Siege Tank x3  
  37  17:26  Siege Tank x2  
  37  17:27  Siege Tank  
Show
View Real Time Build Order
Export as new Build Order

Gracz Terran - Winner!

Build Orders: Reaper Expand, MMM Bio 

Get SALT Encoding   

  12  0:01  SCV  
  13  0:13  SCV  
  14  0:26  Supply Depot, SCV  
  15  0:48  SCV  
  16  0:52  Barracks  
  16  0:54  Refinery  
  16  1:23  SCV  
  17  1:35  SCV  
  19  1:40  Reaper  
  19  1:43  Supply Depot  
  19  1:48  Unknown, Command Center  
  19  1:49  Orbital Command  
  19  2:09  Barracks  
  19  2:25  Barracks Reactor  
  19  2:38  Factory  
  19  2:39  SCV  
  19  2:40  Refinery  
  20  2:51  SCV  
  21  3:00  Unknown  
  20  3:06  Orbital Command  
  20  3:08  SCV  
  21  3:13  Barracks Reactor  
  21  3:18  Marine  
  21  3:19  Marine  
  23  3:26  Factory Tech Lab  
  23  3:27  Starport  
  23  3:52  SCV x2  
  25  4:11  Marine x2  
  25  4:13  Barracks Tech Lab  
  25  4:15  Siege Tank  
  30  4:19  Medivac  
  32  4:26  Orbital Command  
  32  4:36  Marine  
  32  4:37  Stimpack  
  33  4:42  Engineering Bay  
  33  4:50  Engineering Bay  
  33  4:55  Supply Depot  
  33  5:05  Medivac  
  35  5:09  SCV  
  35  5:10  SCV  
  37  5:21  Marine x2, SCV  
  37  5:22  Marine, SCV  
  37  5:24  Siege Tank  
  45  5:29  Refinery  
  45  5:37  Barracks  
  45  5:38  Terran Infantry Weapons Level 1  
  45  5:42  Refinery  
  45  5:49  Marine  
  45  5:50  Marine x2  
  45  5:57  SCV x2  
  50  6:07  Marine  
  50  6:08  Marine x2  
  50  6:09  SCV  
  54  6:21  Terran Infantry Armor Level 1  
  54  6:29  Barracks Reactor  
  54  6:37  Marine x2  
  54  6:38  Marine, Medivac x2  
  61  6:44  Supply Depot  
  41  7:38  Combat Shields  
  41  7:39  Marine x2  
  41  7:40  Marine x2  
  41  7:41  Marauder  
  41  7:43  Siege Tank  
  50  7:44  Medivac x2  
  50  7:45  SCV x2  
  50  7:50  Supply Depot  
  54  7:57  SCV  
  47  8:21  Marine x2  
  47  8:22  Marine  
  47  8:23  Viking x2  
  44  9:15  Unknown, Command Center  
  44  9:18  Marine  
  44  9:19  Marine x2  
  44  9:20  Marine  
  44  9:21  Medivac x2  
  52  9:28  SCV x2  
  54  9:32  Armory  
  54  9:37  Marine  
  55  9:40  SCV  
  56  9:46  Barracks  
  56  9:58  Viking x2  
  56  9:59  Marine x2  
  62  10:00  Marine x2  
  62  10:01  Marine  
  65  10:12  SCV x2  
  67  10:19  Terran Infantry Armor Level 2, Terran Infantry Weapons Level 2  
  67  10:24  SCV x2  
  67  10:26  Unknown  
  69  10:29  Siege Tank  
  72  10:38  Orbital Command  
  72  10:52  Barracks Reactor  
  72  10:58  SCV  
  72  11:02  Medivac  
  75  11:07  Marine x2  
  75  11:08  Marine x3  
  80  11:43  Concussive Shells  
  47  13:27  Marine x3  
  47  13:29  Marine x3  
  47  13:31  Widow Mine  
  47  13:33  Medivac x2  
  58  13:48  Orbital Command  
  58  13:51  SCV  
  58  13:52  SCV  
  60  13:59  Supply Depot, Widow Mine  
  62  14:03  SCV  
  62  14:04  Unknown, Command Center, SCV  
  64  14:14  SCV  
  64  14:16  SCV x2  
  67  14:26  SCV  
  67  14:28  SCV  
  67  14:31  Liberator x2  
  66  14:54  Terran Infantry Armor Level 3, Terran Infantry Weapons Level 3  
  66  14:55  Marine x2, Starport  
  66  14:56  Marine x2  
  66  14:58  Marine x2  
  66  14:59  Marauder  
  72  15:01  Siege Tank  
  75  15:13  Marine x2  
  75  15:14  Marine x2  
  60  15:15  Marine x2  
  55  16:09  Marine x2  
  55  16:10  Marine x2  
  53  16:27  Starport Reactor  
  53  16:35  Marine, Unknown, Command Center  
  53  16:36  Marine x2  
  53  16:37  Marine x2  
  53  16:38  Widow Mine  
  60  16:50  Liberator x2  
  60  17:02  Marine  
  60  17:04  Marine x6  
  60  17:06  Medivac  
  60  17:07  Medivac  
  77  17:20  Marine  
  78  17:46  Marine x3, Unknown  
  78  17:50  Orbital Command  
Tags
 
Add a new tag
Caveats
  • Supply blocks, unpowered buildings, or Contaminate may cause inaccurate times.
  • Supply counts are checked every 10 seconds.